 Dungeon Crawl Stone Soup version 0.20-a0-960-ge493e74 (webtiles) character file.

411 MrRokkomies the Bolt Thrower (level 7, -11/44 HPs)
             Began as a Kobold Hunter on Apr 7, 2017.
             Mangled by a two-headed ogre
             ... wielding a +0 giant club
              (15 damage)
             ... on level 4 of the Dungeon.
             The game lasted 00:06:45 (2685 turns).

MrRokkomies the Bolt Thrower (Kobold Hunter)        Turns: 2685, Time: 00:06:45

Health: -11/44     AC:  9    Str: 10    XL:     7   Next: 14%
Magic:  7/7        EV: 13    Int: 12    God:
Gold:   219        SH:  0    Dex: 17    Spells: 6/6 levels left

rFire    . . .     SeeInvis .   b - +2 quarterstaff (chaos)
rCold    . . .     Gourm    .   (shield currently unavailable)
rNeg     . . .     Faith    .   h - +1 ring mail
rPois    +         Spirit   .   (no helmet)
rElec    .         Reflect  .   k - +2 cloak {rPois}
rCorr    .         Harm     .   (no gloves)
MR       .....                  (no boots)
Stlth    +.........             q - amulet of magic regeneration
Regen    0.2/turn               (no ring)
MPRegen  0.2/turn               (no ring)

@: no status effects
A: carnivore 3
a: no special abilities


You were on level 4 of the Dungeon.
You were very full.

You visited 1 branch of the dungeon, and saw 4 of its levels.

You collected 219 gold pieces.

Inventory:

Hand Weapons
 a - a +2 hand crossbow
 b - a +2 quarterstaff of chaos (weapon)
Missiles
 d - 14 bolts
Armour
 h - a +1 ring mail (worn)
 k - a +2 cloak of poison resistance (worn)
Jewellery
 q - an amulet of magic regeneration (around neck)
Scrolls
 j - a scroll of enchant weapon
 l - 2 scrolls of remove curse
 p - 2 scrolls of recharging
 t - a scroll of random uselessness {unknown}
 u - a scroll of identify {unknown}
Potions
 c - a potion of agility {unknown}
 e - a potion of magic {unknown}
 i - 2 potions of brilliance {unknown}
 m - a potion of invisibility {unknown}
 n - a potion of curing {unknown}
 r - a potion of heal wounds {unknown}
 s - a potion of flight {unknown}
Comestibles
 f - 2 meat rations
 g - a royal jelly


   Skills:
 * Level 5.4 Fighting
 * Level 3.5 Staves
 - Level 6.0 Crossbows
 - Level 2.4 Dodging
 - Level 1.3 Stealth


You had 6 spell levels left.
You didn't know any spells.

Dungeon Overview and Level Annotations

Branches:
Dungeon (4/15)
 Temple: D:4-7

Altars:
Makhleb
Nemelex Xobeh


Innate Abilities, Weirdness & Mutations

You are small and have problems with some larger weapons.
You are carnivorous and can eat meat at any time.


Message History

The two-headed ogre barely misses you. x2
You barely miss the two-headed ogre.
The two-headed ogre is heavily wounded.
You barely miss the two-headed ogre.
The two-headed ogre is heavily wounded.
The two-headed ogre hits you with a giant club.
The two-headed ogre closely misses you.
You thump the two-headed ogre!
The two-headed ogre is severely wounded.
The two-headed ogre hits you with a giant club.
The two-headed ogre hits you with a giant club!!
* * * LOW HITPOINT WARNING * * *
Okay, then.
Unknown command.
As you read the scroll labeled SUVUMAOBUYV, it crumbles to dust.
You hear a loud clanging noise!
It was a scroll of noise.
You hear a shout!
You hear an angry buzzing noise. x2
The two-headed ogre hits you with a giant club!
You die...

#....<....#....#
#....##...#....#
#+####....##...#....#
.....†....#....#....#
..........#....#....#
..........#....'....#
....##....######....#
....########...##'###
................@...#
...........>...O#...#
................#...#
......?.........#...+
######..........#...#
#....##.(###.###
...####.(# #+# ._.
.... .. ..(..


You could see a two-headed ogre.

Vanquished Creatures
  A killer bee (D:4)
  A howler monkey (D:4)
  A hound (D:3)
  Crazy Yiuf (D:2)
  3 orc priests (D:3)
  An orc wizard (D:3)
  A worker ant (D:3)
  4 adders (D:3)
  2 oozes (D:3)
  A worm (D:3)
  3 dart slugs
  A leopard gecko (D:1)
  13 orcs (D:3)
  7 bats
  8 goblins
  9 hobgoblins
  7 jackals (D:3)
  3 kobolds
  6 frilled lizards
  4 rats
77 creatures vanquished.

Notes
Turn   | Place    | Note
-------+----------+-------------------------------------------
     0 | D:1      | MrRokkomies the Kobold Hunter began the quest for the Orb.
     0 | D:1      | Reached XP level 1. HP: 12/12 MP: 1/1
    74 | D:1      | Reached skill level 5 in Crossbows
    77 | D:1      | Reached XP level 2. HP: 3/18 MP: 2/2
   989 | D:1      | Reached XP level 3. HP: 19/22 MP: 3/3
  1526 | D:2      | Found a runed door.
  1530 | D:2      | Noticed Crazy Yiuf
  1553 | D:2      | Killed Crazy Yiuf
  1553 | D:2      | Reached skill level 6 in Crossbows
  1553 | D:2      | Reached XP level 4. HP: 12/28 MP: 4/4
  1827 | D:3      | Reached skill level 1 in Staves
  1827 | D:3      | Reached XP level 5. HP: 33/33 MP: 5/5
  2032 | D:3      | Reached XP level 6. HP: 29/39 MP: 6/6
  2371 | D:3      | Reached skill level 5 in Fighting
  2433 | D:3      | Found a sparkling altar of Nemelex Xobeh.
  2534 | D:4      | Reached XP level 7. HP: 44/44 MP: 7/7
  2601 | D:4      | Found a burning altar of Makhleb.
  2672 | D:4      | Noticed a two-headed ogre
  2685 | D:4      | Mangled by a two-headed ogre

Vault maps used:
D:1:      lemuel_arrival_room
D:2:      uniq_crazy_yiuf_cottage
D:3:      first_bread, nemelex_dance_club_becter
D:4:      bloody_makhleb, uniq_robin

Skill      XL: |  1  2  3  4  5  6 |
---------------+-------------------+-----
Crossbows      | 5 6 |  6.0
Fighting       | 3 4 5 |  5.4
Staves         | 1 2 3 |  3.5
Dodging        | |  2.4
Stealth        | |  1.3

Action                   |  1- 3 |  4- 6 |  7- 9 || total
-------------------------+-------+-------+-------++-------
Melee: Short sword       |    64 |       |       ||    64
       Falchion          |    13 |       |       ||    13
       Quarterstaff      |       |    93 |    12 ||   105
 Fire: Hand crossbow     |    18 |    18 |     3 ||    39
  Use: Scroll            |     7 |     1 |     1 ||     9
 Stab: Confused          |       |     3 |       ||     3
       Sleeping          |       |     1 |       ||     1
  Eat: Chunk             |     5 |     8 |       ||    13
Armor: Leather armour    |     4 |       |       ||     4
       Ring mail         |    23 |    29 |     2 ||    54
Dodge: Dodged            |    67 |    52 |    15 ||   134
       Rpst.: Falchion   |     6 |       |       ||     6
